 Dungeon Crawl Stone Soup version 0.30.0-18-gc0e69614cb (webtiles) character file.

Game seed: 7653178141367398835

44384 meatpath the Warrior (level 14, -1/99 HPs)
             Began as a Gargoyle Fighter on May 23, 2023.
             Was the Champion of the Shining One.
             Slain by a reaper
             ... wielding a +1 scythe of freezing
              (31 damage)
             ... in an ice cave on May 24, 2023.
             The game lasted 00:38:02 (14857 turns).

meatpath the Warrior (Gargoyle Fighter)            Turns: 14857, Time: 00:38:03

Health: -1/99      AC: 28    Str: 24    XL:     14   Next: 28%
Magic:  12/14      EV: 12    Int: 13    God:    the Shining One [******]
Gold:   1030       SH: 17    Dex:  9    Spells: 13/13 levels left

rFire   . . .        G - +2 morningstar (freeze)
rCold   + . .        Q - +1 kite shield {rC+}
rNeg    + + +        L - +1 acid dragon scales
rPois   ∞            t - +2 helmet {Int+3}
rElec   +            I - +0 cloak
rCorr   +            o - +1 pair of gloves "Duiz" {rPois rCorr}
SInv    .            J - +0 pair of boots
Will    +....        l - amulet of regeneration
Stlth   +            q - ring of resist corrosion
HPRegen 1.16/turn    (no ring)
MPRegen 0.14/turn

%: no passive effects
@: divinely shielded, flying, glowing
A: sickness immunity, AC +10, big wings, negative energy resistance 1,
electricity resistance, torment resistance 1, petrification resistance
a: Renounce Religion, Divine Shield, Cleansing Flame, Summon Divine Warrior,
Brand Weapon With Holy Wrath


You were in an ice cave.
You worshipped the Shining One.
The Shining One was exalted by your worship.
You visited 3 branches of the dungeon, and saw 16 of its levels.
You also visited: Ossuary and Ice Cave.

You collected 1030 gold pieces.

Inventory:

Hand Weapons
 G - a +2 morningstar of freezing (weapon)
Armour
 o - the +1 pair of gloves "Duiz" (worn) {rPois rCorr}
   (You found it on level 10 of the Dungeon)

   rPois:     It protects you from poison.
   rCorr:     It protects you from acid and corrosion.
 t - a +2 helmet of intelligence (worn)
 I - a +0 cloak (worn)
 J - a +0 pair of boots (worn)
 L - +1 acid dragon scales (worn)
 N - a +0 plate armour
 Q - a +1 kite shield of cold resistance (worn)
Jewellery
 l - an amulet of regeneration (around neck)
 q - a ring of resist corrosion (left hand)
 F - a +6 ring of intelligence
Wands
 a - a wand of iceblast (19)
 b - a wand of quicksilver (17)
 A - a wand of charming (27)
 H - a wand of flame (24)
 K - a wand of mindburst (6)
Scrolls
 j - a scroll of vulnerability
 k - a scroll of immolation
 m - a scroll of fear {unknown}
 n - 3 scrolls of amnesia
 p - 7 scrolls of teleportation
 r - 3 scrolls of silence
 u - 5 scrolls of poison
 v - 2 scrolls of magic mapping
 y - a scroll of fog
 E - 3 scrolls of blinking
 P - a scroll of enchant weapon
 R - a scroll of identify
Potions
 c - 2 potions of ambrosia
 d - 2 potions of degeneration {unknown}
 e - 2 potions of haste {unknown}
 f - a potion of heal wounds
 g - 6 potions of flight
 h - 2 potions of berserk rage {unknown}
 i - 4 potions of curing
 s - 4 potions of brilliance {unknown}
 w - a potion of invisibility {unknown}
 x - 2 potions of magic {unknown}
 z - 4 potions of attraction
 B - 2 potions of lignification {unknown}
 C - a potion of cancellation {unknown}
 D - 4 potions of resistance {unknown}
 M - a potion of mutation {unknown}
 O - a potion of might


   Skills:
 + Level 15.7 Fighting
 + Level 14.3 Maces & Flails
 + Level 8.0 Armour
 - Level 7.8 Dodging
 - Level 10.0 Shields


You had 13 spell levels left.
You didn't know any spells.
Your spell library contained the following spells:

 Spells                   Type           Power      Damage    Failure   Level
 Kiss of Death            Conj/Necr      0%         2d5       54%         1
 Summon Small Mammal      Summ           0%         N/A       54%         1
 Poisonous Vapours        Pois/Air       0%         N/A       69%         2
 Static Discharge         Conj/Air       0%         2-2/arc   69%         2
 Call Canine Familiar     Summ           0%         N/A       89%         3
 Confusing Touch          Hex            0%         N/A       89%         3
 Dazzling Flash           Conj/Hex       0%         N/A       89%         3
 Gell's Gravitas          Tloc           0%         N/A       89%         3
 Mephitic Cloud           Conj/Pois/Air  0%         N/A       89%         3
 Portal Projectile        Hex/Tloc       0%         N/A       89%         3
 Stone Arrow              Conj/Erth      0%         3d7       89%         3
 Summon Guardian Golem    Hex/Summ       0%         N/A       89%         3
 Teleport Other           Tloc           0%         N/A       89%         3
 Tukima's Dance           Hex            0%         N/A       89%         3
 Volatile Blastmotes      Fire/Tloc      0%         2d10      89%         3
 Airstrike                Air            0%         2d(0-16)  100%        4
 Animate Armour           Summ/Erth      0%         N/A       100%        4
 Dispel Undead            Necr           0%         3d6       100%        4
 Iskenderun's Mystic Bla  Conj/Tloc      0%         2d3       100%        4
 Leda's Liquefaction      Hex/Erth       0%         N/A       100%        4
 Manifold Assault         Tloc           0%         N/A       100%        4
 Summon Lightning Spire   Summ/Air       0%         N/A       100%        4
 Blade Hands              Tmut           0%         N/A       100%        5
 Freezing Cloud           Conj/Ice/Air   0%         6-21      100%        5
 Lee's Rapid Deconstruct  Erth           0%         3d4*      100%        5
 Summon Forest            Summ/Tloc      0%         N/A       100%        5
 Summon Mana Viper        Hex/Summ       0%         N/A       100%        5
 Dispersal                Tloc           0%         N/A       100%        6
 Iron Shot                Conj/Erth      0%         9d1       100%        6
 Starburst                Conj/Fire      0%         6d3       100%        6
 Summon Cactus Giant      Summ           0%         N/A       100%        6
 Disjunction              Tloc           0%         N/A       100%        8
 Lehudib's Crystal Spear  Conj/Erth      0%         10d2      100%        8
 Statue Form              Tmut/Erth      Unusable   N/A       N/A         6

Dungeon Overview and Level Annotations

Branches:
Dungeon (10/15)            Temple (1/1) D:4            Lair (5/5) D:10
 Shoals (0/4) Lair:2        Snake (0/4) Lair:3      Ossuary (visited)
  IceCv (1/1)
  Slime: Lair:4-5       Orc: D:9-12

Altars:
Ashenzari
Cheibriados
Dithmenos
Fedhas
Gozag
Kikubaaqudgha
Makhleb
Nemelex Xobeh
Okawaru
Sif Muna
Trog
Uskayaw
Wu Jian
Xom
Yredelemnul
The Shining One

Shops:
D:2 =

Annotations:
D:7 3 runed translucent doors, ystael's ghost, novice MiFi
Lair:1 1 runed translucent door, rundlesten's ghost, journeyman MiBe


Innate Abilities, Weirdness & Mutations

You are immune to sickness and miasma.
Your stone body is resilient. (AC +10)
You are immune to poison.
Your large and strong wings let you fly.
You resist negative energy. (rN+)
You are resistant to electric shocks. (rElec)
You are resistant to unholy torment.
You are immune to petrification.


Message History

You hit the reaper but do no damage.
The reaper hits you with a +1 scythe of freezing.
The reaper freezes you.
You barely miss the reaper. The reaper barely misses you.
You hit the reaper but do no damage. The reaper closely misses you.
You hit the reaper but do no damage.
The reaper hits you with a +1 scythe of freezing!
You hit the reaper but do no damage. You block the reaper's attack.
You puncture the reaper! You freeze the reaper.
The reaper is lightly wounded.
The reaper hits you with a +1 scythe of freezing!!
The reaper freezes you.
Your shield is strengthened by the Shining One's divine power.
The reaper hits you with a +1 scythe of freezing.
You puncture the reaper! You freeze the reaper.
The reaper is moderately wounded.
You block the reaper's attack.
You hit the reaper but do no damage.
The reaper is moderately wounded.
The reaper hits you but does no damage.
You barely miss the reaper.
The reaper is moderately wounded.
You hit the reaper but do no damage.
The reaper is moderately wounded.
The reaper barely misses you.
You hit the reaper. You freeze the reaper.
The reaper is moderately wounded.
You block the reaper's attack.
You hit the reaper. You freeze the reaper.
The reaper is moderately wounded.
The reaper hits you with a +1 scythe of freezing!!
* * * LOW HITPOINT WARNING * * *
The reaper freezes you!
* * * LOW HITPOINT WARNING * * *
You feel much better. You block the reaper's attack.
Activating: Cleansing Flame (77% risk of failure)
Press: ? - help, Dir - look around, f - activate You fail to use your ability.
The reaper hits you with a +1 scythe of freezing!!
You die...

.# #. ## #.. .#
.. #.##.# .##..
. ##. #.## .Z
#.###..## 2Z.
##.Z##@..## .5Z
#..#.2#...# #..
##.#.#Z#...#
#..#..######..#
#Z5.##≈##≈#..#
##.##≈≈#≈≈##.#
###≈≈≈≈≈≈##.#
#≈≈≈≈≈≈#.##
≈≈≈≈≈≈≈#.#


You could see a reaper and a spriggan simulacrum.

Vanquished Creatures
  3 hydras
  A centaur warrior (D:10)
  A boulder beetle (D:9)
  3 two-headed ogres
  2 death yaks (Lair:3)
  A fire crab (Lair:3)
  2 lindwurms
  2 harpies (Lair:2)
  A wolf spider (Lair:3)
  5 elephants (Lair:3)
  9 black mambas
  An ice statue (IceCv)
  12 cane toads
  The ghost of fleet the Geomancer, a novice FoEE (D:4)
  5 rime drakes
  10 komodo dragons
  An unseen horror (D:10)
  A yaktaur (D:10)
  A troll (D:10)
  5 hornets
  4 polar bears
  2 dream sheep (Lair:3)
  14 blink frogs
  A spriggan (Lair:3)
  A shadow (D:10)
  A dire elephant simulacrum (IceCv)
  2 wraiths
  3 vampires
  A human (D:10)
  A basilisk (Lair:2)
  5 wyverns
  36 yaks
  3 hogs (D:10)
  A death yak simulacrum (IceCv)
  2 steam dragons
  A harpy simulacrum (IceCv)
  2 acid dragons
  3 nagas (Lair:3)
  17 water moccasins
  2 orc warriors
  A sky beast (D:8)
  7 black bears
  18 wolves
  An ogre (D:5)
  7 centaurs
  3 phantoms
  A kobold brigand (D:9)
  10 bullfrogs
  A gnoll sergeant (D:10)
  3 scorpions
  4 two-headed ogre simulacra (IceCv)
  A cane toad simulacrum (IceCv)
  11 wights
  3 elephant simulacra (IceCv)
  8 killer bees (D:9)
  9 howler monkeys
  4 jellies
  5 orc priests
  3 hounds
  2 iguanas (D:6)
  5 orc wizards
  9 troll simulacra (IceCv)
  2 hell rats (Lair:2)
  3 polar bear simulacra (IceCv)
  3 spriggan simulacra (IceCv)
  2 wolf simulacra (IceCv)
  3 mummies (Ossuary)
  6 adders
  4 gnolls (D:10)
  6 river rats (Lair:2)
  5 naga simulacra (IceCv)
  A shadow imp (D:6)
  9 white imps
  8 ufetubi
  2 adder zombies (Ossuary)
  A dart slug (D:1)
  38 orcs
  8 ball pythons
  4 endoplasms
  3 giant cockroaches
  2 gnoll zombies (Ossuary)
  9 goblins
  7 hobgoblins
  3 jackals (D:4)
  3 quokkas
  3 bats
  5 frilled lizards
  3 goblin zombies (Ossuary)
  A hobgoblin zombie (Ossuary)
  6 kobolds
  A kobold zombie (Ossuary)
  3 quokka zombies (Ossuary)
  4 rats
  6 rat zombies (Ossuary)
449 creatures vanquished.

Vanquished Creatures (others)
  A komodo dragon (Lair:3)
1 creature vanquished.

Grand Total: 450 creatures vanquished

Notes
Turn   | Place    | Note
-------+----------+-------------------------------------------
     0 | D:1      | meatpath the Gargoyle Fighter began the quest for the Orb.
     0 | D:1      | Reached XP level 1. HP: 14/14 MP: 1/1
    62 | D:1      | Reached XP level 2. HP: 14/19 MP: 2/2
   528 | D:1      | Reached XP level 3. HP: 24/24 MP: 3/3
   607 | D:1      | Found a faded altar of an unknown god.
  1025 | D:2      | Reached skill level 4 in Fighting
  1025 | D:2      | Reached XP level 4. HP: 23/29 MP: 4/4
  1056 | D:2      | Found Aqoos's One-of-a-Kind Rings.
  1683 | D:3      | Reached XP level 5. HP: 33/34 MP: 5/5
  2087 | D:4      | Found a runed translucent door.
  2093 | D:4      | Noticed fleet's ghost (novice FoEE)
  2117 | D:4      | Found a staircase to the Ecumenical Temple.
  2126 | Temple   | Entered the Ecumenical Temple
  2149 | Temple   | Became a worshipper of the Shining One
  2449 | D:4      | Found a sand-covered staircase.
  2508 | Ossuary  | Entered an ossuary
  2523 | Ossuary  | HP: 1/34 [mummy (12)]
  2531 | Ossuary  | Reached XP level 6. HP: 10/40 MP: 6/6
  2593 | Ossuary  | Reached * piety under the Shining One
  2667 | Ossuary  | Reached ** piety under the Shining One
  2785 | D:4      | Reached skill level 5 in Shields
  2807 | D:4      | Reached skill level 5 in Fighting
  3306 | D:5      | Entered Level 5 of the Dungeon
  3432 | D:5      | Reached skill level 1 in Dodging
  3432 | D:5      | Reached XP level 7. HP: 38/44 MP: 7/7
  3654 | D:5      | Noticed a yak
  3676 | D:5      | Reached skill level 6 in Fighting
  3676 | D:5      | Reached skill level 5 in Maces & Flails
  3942 | D:5      | Noticed a yak
  3942 | D:5      | Noticed a yak
  3944 | D:5      | Noticed a yak
  3944 | D:5      | Noticed a yak
  3965 | D:5      | Noticed a yak
  3970 | D:5      | Killed a yak
  3971 | D:5      | Reached XP level 8. HP: 36/52 MP: 8/8
  4020 | D:5      | Killed a yak
  4044 | D:5      | Killed a yak
  4068 | D:5      | Killed a yak
  4069 | D:5      | Reached skill level 7 in Fighting
  4083 | D:5      | Killed a yak
  4094 | D:5      | Killed a yak
  4420 | D:6      | Reached XP level 9. HP: 57/58 MP: 9/9
  4480 | D:6      | Reached skill level 8 in Fighting
  5283 | D:7      | Reached skill level 5 in Dodging
  5358 | D:7      | Found a snail-covered altar of Cheibriados.
  5358 | D:7      | Found a basalt altar of Yredelemnul.
  5359 | D:7      | Found a shadowy altar of Dithmenos.
  5373 | D:7      | Noticed a hornet
  5393 | D:7      | Killed a hornet
  5820 | D:7      | Noticed a boulder beetle
  5821 | D:7      | Found a runed translucent gate.
  5821 | D:7      | Found a runed translucent gate.
  5821 | D:7      | Found a runed translucent gate.
  5822 | D:7      | Noticed ystael's ghost (novice MiFi)
  5844 | D:7      | Reached *** piety under the Shining One
  5873 | D:7      | Reached skill level 9 in Fighting
  6200 | D:4      | Killed fleet's ghost
  6201 | D:4      | Reached XP level 10. HP: 66/66 MP: 10/10
  6867 | D:8      | Reached skill level 10 in Fighting
  7699 | D:9      | Noticed a boulder beetle
  7735 | D:9      | HP: 3/68 [boulder beetle (11)]
  8003 | D:9      | Killed a boulder beetle
  8094 | D:9      | Reached XP level 11. HP: 73/73 MP: 11/11
  8130 | D:9      | Reached skill level 11 in Fighting
  8312 | D:9      | Reached **** piety under the Shining One
  8332 | D:9      | Reached skill level 10 in Maces & Flails
  8389 | D:9      | Identified the +1 robe "Soidweem" {Dex+4 SInv}
  8747 | D:10     | Entered Level 10 of the Dungeon
  8785 | D:10     | Noticed a two-headed ogre
  8846 | D:9      | Killed a two-headed ogre
  8971 | D:10     | Identified the +1 pair of gloves "Duiz" {rPois rCorr}
  9028 | D:10     | Noticed a two-headed ogre
  9341 | D:10     | Found a staircase to the Lair.
  9363 | D:10     | Found a shimmering altar of Xom.
  9375 | D:10     | Noticed a centaur warrior
  9390 | D:10     | Killed a centaur warrior
  9398 | D:10     | The Shining One protects you from harm!
  9600 | D:10     | Killed a two-headed ogre
  9601 | D:10     | Reached skill level 12 in Fighting
  9660 | D:10     | Noticed a two-headed ogre
  9669 | D:10     | Killed a two-headed ogre
  9889 | Lair:1   | Entered Level 1 of the Lair of Beasts
  9913 | Lair:1   | Reached XP level 12. HP: 72/82 MP: 12/12
 10074 | Lair:1   | Reached ***** piety under the Shining One
 10209 | Lair:1   | Reached skill level 13 in Fighting
 10488 | Lair:1   | Found a runed translucent door.
 10490 | Lair:1   | Identified the +9 spear of Ecosaiq {freeze, rF+ rC+}
 10491 | Lair:1   | Noticed rundlesten's ghost (journeyman MiBe)
 10555 | Lair:1   | You fall into a shaft and drop 1 floor!
 11395 | Lair:2   | Found a staircase to the Shoals.
 11696 | Lair:3   | Reached XP level 13. HP: 64/89 MP: 13/13
 11894 | Lair:3   | Reached skill level 14 in Fighting
 11905 | Lair:3   | Reached skill level 10 in Shields
 12537 | Lair:3   | Reached skill level 5 in Armour
 12759 | Lair:3   | Reached skill level 15 in Fighting
 13141 | Lair:3   | Found a staircase to the Snake Pit.
 13756 | Lair:4   | Gained mutation: Your large and strong wings let you fly.
                  | [Gargoyle growth]
 13756 | Lair:4   | Reached XP level 14. HP: 91/98 MP: 14/14
 14148 | Lair:5   | Entered Level 5 of the Lair of Beasts
 14343 | Lair:5   | Found a frozen archway.
 14354 | IceCv    | Entered an ice cave
 14554 | IceCv    | Reached ****** piety under the Shining One
 14819 | IceCv    | Noticed a reaper
 14857 | IceCv    | Slain by a reaper

Illustrated notes

Levels and vault maps discovered:
D:1:      dpeg_arrival_round_a, layout_loops_ring,
          hellmonk_ecumenical_altar_inner_sanctum
D:2:      cheibrodos_pilgrimage, layout_basic, nicolae_shop_unique_rings,
          kennysheep_generic_room_13
D:3:      layout_rooms, corexii_shack, kennysheep_doodads,
          minmay_stone_trees_small
D:4:      layout_loops_corners, minmay_temple_entry_waves,
          nicolae_ossuary_entry_false_entrances, ebering_ghost_sewer_d
D:5:      layout_loops_ring, hangedman_decor_slide_cut, skrybe_limestone_x
D:6:      layout_basic, minmay_fountain_box
D:7:      layout_cave_pools, gammafunk_temple_overflow_claw,
          gammafunk_ghost_split, patterned_corridor
D:8:      layout_loops_corners
D:9:      layout_grid_maze, nzn_sisyphean_effort
D:10:     layout_cross, grunt_lair_entry_orc_guard_hut, grunt_livestock,
          nrook_mini_vaults, minmay_misc_feat_encased, grunt_ministairs_3,
          minmay_ruined_shrine
Temple:   nicolae_temple_bog_church
Lair:1:   layout_regular_city, ebering_ghost_funeral_grove
Lair:2:   layout_hall_layers, nicolae_shoals_entry_roost, kennysheep_rathole
Lair:3:   nzn_winding_woodlands_huge [nzn_winding_woodlands_5x15_default,
          nzn_winding_woodlands_5x15_default, nzn_winding_woodlands_5x15_eye,
          nzn_winding_woodlands_5x15_cabin, nzn_winding_woodlands_5x15_jagged,
          nzn_winding_woodlands_5x15_default,
          nzn_winding_woodlands_5x15_lazy_stream,
          nzn_winding_woodlands_5x15_split_checker,
          nzn_winding_woodlands_5x15_sawtooth,
          nzn_winding_woodlands_5x15_default,
          nzn_winding_woodlands_center_pierced_h,
          nzn_winding_woodlands_center_triple_pond,
          nzn_winding_woodlands_15x15_killbox], layout_regular_city,
          nicolae_snake_entry_squirm, eino_small_chamber_without_monster,
          chequers_serial_rivers_micro_b, grunt_forest_stairs_clearing
Lair:4:   layout_long_grid
Lair:5:   minmay_lair_end_enchanted_forest, layout_big_grid, slime_entry_2,
          portal_ice_cave_entry_pillars_1, dreamdust_gnoll_shepherd
IceCv:    ice_cave_caverns_02

Skill      XL: |  1  2  3  4  5  6  7  8  9 10 11 12 13 14 |
---------------+-------------------------------------------+-----
Fighting       | 4 5 6 7 9 10 12 13 15 | 15.7
Maces & Flails | 3 4 5 6 8 9 11 12 14 | 14.3
Shields        | 4 5 7 9 10 | 10.0
Dodging        | 1 2 4 5 7 |  7.8
Armour         | 7 8 |  8.0

Action                     |  1- 3 |  4- 6 |  7- 9 | 10-12 | 13-15 || total
---------------------------+-------+-------+-------+-------+-------++-------
  Melee: Flail             |   108 |   255 |    35 |       |       ||   398
         Whip              |       |       |   318 |   236 |       ||   554
         Morningstar       |       |       |       |   432 |   510 ||   942
 Invoke: Divine Shield     |       |       |     1 |     1 |     1 ||     3
  Evoke: Wand              |       |       |       |     1 |       ||     1
    Use: Scroll            |     1 |     4 |     6 |    14 |     2 ||    27
         Potion            |       |     1 |       |     7 |     1 ||     9
 Armour: Scale mail        |    54 |     5 |       |       |       ||    59
         Chain mail        |       |   233 |   170 |    22 |       ||   425
         Acid dragon scale |       |       |       |   311 |   214 ||   525
  Dodge: Dodged            |    34 |    93 |    82 |   391 |   224 ||   824
  Block: Buckler           |    35 |   112 |    77 |   103 |       ||   327
         Kite shield       |       |       |       |   136 |   231 ||   367
